 Dungeon Crawl Stone Soup version 0.30-a0-325-gb515db48ae (webtiles) character file.

Game seed: 2684890508081502462

1684 Bnni the Blocker (level 9, -1/71 HPs)
             Began as a Formicid Fighter on Oct 28, 2022.
             Killed by divine providence
             ... invoked by an orc priest
              (15 damage)
             ... on level 6 of the Dungeon.
             The game lasted 00:07:11 (5354 turns).

Bnni the Blocker (Formicid Fighter)                 Turns: 5354, Time: 00:07:11

Health: -1/71      AC: 12    Str: 26    XL:     9   Next: 22%
Magic:  18/18      EV:  6    Int:  7    God:
Gold:   438        SH: 10    Dex: 13    Spells: 8/8 levels left

rFire   . . .      SeeInvis +    a - +1 war axe
rCold   . . .      Faith    .    f - +0 kite shield
rNeg    . . .      Spirit   .    e - +0 plate armour
rPois   .          Reflect  .    (helmet unavailable)
rElec   .          Harm     .    (no cloak)
rCorr   .          Rampage  .    w - +0 pair of gloves
Will    .....                    (no boots)
Stlth   ..........               (no amulet)
HPRegen 0.31/turn                b - ring of magical power
MPRegen 0.16/turn                (no ring)

@: mighty
A: permanent stasis, dig shafts and tunnels, antennae 3, four strong arms
a: Dig, Shaft Self


You were on level 6 of the Dungeon.
You visited 2 branches of the dungeon, and saw 7 of its levels.

You collected 438 gold pieces.

Inventory:

Hand Weapons
 a - a +1 war axe (weapon)
 m - a +0 dagger of venom
Missiles
 j - 6 javelins
 o - a curare-tipped dart
 y - 3 poisoned darts
 z - 2 boomerangs
Armour
 e - a +0 plate armour (worn)
 f - a +0 kite shield (worn)
 w - a +0 pair of gloves (worn)
Jewellery
 b - a ring of magical power (left hand)
Wands
 u - a wand of paralysis (9)
 v - a wand of flame (22)
Scrolls
 c - 4 scrolls of identify
 h - 5 scrolls of enchant weapon
 k - 2 scrolls of teleportation {unknown}
 l - a scroll of noise {unknown}
 n - a scroll of amnesia {unknown}
 s - a scroll of acquirement {unknown}
 t - a scroll of poison {unknown}
Potions
 d - a potion of might
 g - a potion of curing
 i - 3 potions of lignification {unknown}
 p - a potion of mutation {unknown}
 q - a potion of invisibility {unknown}
 r - 2 potions of brilliance {unknown}
 x - a potion of berserk rage {unknown}


   Skills:
 + Level 6.9 Fighting
 * Level 8.1 Axes
 - Level 3.2 Armour
 + Level 8.4 Shields


You had 8 spell levels left.
You didn't know any spells.
Your spell library contained the following spells:

 Spells                   Type           Power      Damage    Failure   Level
 Foxfire                  Conj/Fire      0%         2x1d4     100%        1
 Kiss of Death            Conj/Necr      0%         2d5       100%        1
 Shock                    Conj/Air       0%         1d3       100%        1
 Cigotuvi's Dreadful Rot  Necr/Pois/Air  0%         N/A       100%        2
 Sublimation of Blood     Necr           0%         N/A       100%        2
 Wereblood                Tmut           0%         N/A       100%        2
 Airstrike                Air            0%         2d(0-16)  100%        4
 Dispel Undead            Necr           0%         3d6       100%        4
 Petrify                  Tmut/Erth      0%         N/A       100%        4
 Irradiate                Conj/Tmut      0%         3d11      100%        5
 Death Channel            Necr           0%         N/A       100%        6
 Summon Hydra             Summ           0%         N/A       100%        7
 Swiftness                Air            Unusable   N/A       N/A         3

Dungeon Overview and Level Annotations

Branches:
Dungeon (6/15)             Temple (1/1) D:4

Altars:
Ashenzari
Cheibriados
Dithmenos
Elyvilon
Gozag
Hepliaklqana
Makhleb
Qazlal
Ru
Sif Muna
Trog
Vehumet
Wu Jian
Xom
Yredelemnul
The Shining One

Shops:
D:6 ?

Annotations:
D:6 Grinder


Innate Abilities, Weirdness & Mutations

You cannot be hasted, slowed, berserked, paralysed or teleported.
You can dig through walls and to a lower floor.
You have a pair of large antennae on your head. (SInv)
Your four strong arms can wield two-handed weapons with a shield.


Message History

Grinder comes into view.
You barely miss Dowan.
Dowan is severely wounded.
Dowan gestures at you while chanting. The shard of ice hits you!!
* * * LOW HITPOINT WARNING * * *
Unknown command.
You slash Dowan!
You kill Dowan!
You closely miss the orc. The orc hits you with a +0 mace.
* * * LOW HITPOINT WARNING * * *
An orc warrior comes into view. It is wielding a +0 glaive.
Unknown command.
You feel better.
You slash the orc priest!
The orc priest is severely wounded.
You slash the orc!
You kill the orc!
Grinder blinks!
You block the orc priest's attack.
An orc comes into view. It is wielding a +0 club.
You barely miss the orc priest.
The orc priest is severely wounded.
The orc priest hits you but does no damage.
An orc priest comes into view. It is wielding a +0 mace.
The orc priest hits you but does no damage.
You closely miss the orc priest.
The orc priest is severely wounded.
The orc priest shouts!
An orc comes into view. It is wielding a +0 hand axe.
The orc priest hits you with a +0 dagger.
* * * LOW HITPOINT WARNING * * *
The orc warrior barely misses you.
You barely miss Grinder. You slash the orc priest!
You kill the orc priest!
You block Grinder's attack.
The orc warrior hits you from afar with a +0 glaive.
* * * LOW HITPOINT WARNING * * *
The orc priest mumbles some strange prayers to Beogh against you.
Beogh smites you!
You die...

#.#........... #.....#.#
####.#.#.......†.#. ..##.....#.#
.∩#.#.#..)...##.#. .......!..#o#
.## #.#......##... ..........#.#
... #......###.. ..........#.#
###### #......#.... .......{..#.#
.... #......#....
..........#.##########.#......#..
....>.......)...@)o..oo###....#..
...(.......###..5)o....###...##..
..?........###..#......#.........
...................8.#.....##....
........####.........#..<........
............)......##....).......
..#.............#......#.........
..#....#........#.....##.........
.............##...>..............


You could see Grinder, an orc warrior, an orc priest and 2 orcs.

Vanquished Creatures
  Eustachio (D:6)
  Menkaure (D:6)
  Edmund (D:6)
  Duvessa (D:6)
  A black bear (D:5)
  An ogre (D:5)
  2 phantoms
  A bullfrog (D:5)
  2 necrophages
  2 scorpions
  Dowan (D:6)
  2 hounds (D:6)
  5 orc priests
  3 jellies
  3 orc wizards
  8 adders
  4 ufetubi
  3 dart slugs
  20 orcs
  8 ball pythons
  3 endoplasms (D:3)
  7 giant cockroaches
  14 goblins
  5 hobgoblins
  2 jackals (D:1)
  6 kobolds
  A quokka (D:5)
  7 bats
  A frilled lizard (D:1)
  4 rats
120 creatures vanquished.

Vanquished Creatures (others)
  A plant (D:3)
1 creature vanquished.

Grand Total: 121 creatures vanquished

Notes
Turn   | Place    | Note
-------+----------+-------------------------------------------
     0 | D:1      | Bnni the Formicid Fighter began the quest for the Orb.
     0 | D:1      | Reached XP level 1. HP: 18/18 MP: 1/1
   353 | D:1      | Reached XP level 2. HP: 24/24 MP: 2/2
   829 | D:1      | Reached XP level 3. HP: 29/29 MP: 3/3
  1427 | D:2      | Reached XP level 4. HP: 31/37 MP: 4/4
  1744 | D:3      | Reached skill level 5 in Shields
  1744 | D:3      | Reached XP level 5. HP: 39/42 MP: 5/5
  1846 | D:3      | Found a glowing golden altar of the Shining One.
  2539 | D:4      | Reached XP level 6. HP: 34/49 MP: 6/6
  2641 | D:4      | Found a burning altar of Makhleb.
  2649 | D:4      | Found an ornate altar of the Wu Jian Council.
  2649 | D:4      | Found a shadowy altar of Dithmenos.
  2650 | D:4      | Found a stormy altar of Qazlal.
  2748 | D:4      | Found a shimmering blue altar of Sif Muna.
  2758 | D:4      | Got Sif Muna's Atlas of Arcane Weapons
  2761 | D:4      | Got Sif Muna's Encyclopedia of the Impact
  2857 | D:4      | Found a staircase to the Ecumenical Temple.
  2902 | Temple   | Entered the Ecumenical Temple
  3089 | D:4      | Found a snail-covered altar of Cheibriados.
  3521 | D:4      | Reached skill level 5 in Axes
  3521 | D:4      | Reached XP level 7. HP: 14/55 MP: 7/7
  3928 | D:5      | Entered Level 5 of the Dungeon
  4065 | D:5      | Reached skill level 5 in Fighting
  4281 | D:5      | Found a hazy altar of Hepliaklqana.
  4630 | D:5      | Reached XP level 8. HP: 56/63 MP: 8/8
  5076 | D:6      | Noticed Eustachio
  5110 | D:6      | Killed Eustachio
  5218 | D:6      | Noticed Menkaure
  5223 | D:6      | Killed Menkaure
  5310 | D:6      | Noticed Edmund
  5319 | D:6      | Noticed Dowan
  5320 | D:6      | Noticed Duvessa
  5328 | D:6      | Reached XP level 9. HP: 55/71 MP: 9/9
  5332 | D:6      | Killed Duvessa
  5337 | D:6      | Killed Edmund
  5341 | D:6      | Found Xokuqi's Magic Scroll Shop.
  5347 | D:6      | Noticed Grinder
  5349 | D:6      | Killed Dowan
  5354 | D:6      | Killed from afar by an orc priest

Illustrated notes

Levels and vault maps discovered:
D:1:      psy_arrival_spokes, layout_basic, roderic_lattice_a,
          minmay_misc_feat_more_columns, minivault_11, kennysheep_flooded_box,
          item_on_display_a
D:2:      layout_rooms, grunt_ministairs_8, grunt_decor_arrowhead, st_stairs_5,
          minmay_goblin_outpost
D:3:      layout_basic, tso_oasis_becter, minmay_misc_feat_four_crosses
D:4:      dreamdust_elfheim, layout_loops_corners,
          nicolae_sif_muna_little_library, amcnicky_altar_gilded, minitemple,
          minmay_temple_entry_poolview, kennysheep_orc_chapel
D:5:      layout_loops_ring, nzn_hepliaklqana_mist_gate
D:6:      layout_cave_pools, serial_column_ruins, column_ruins_square_medium,
          column_ruins_hut_ruined, column_ruins_open_small,
          column_ruins_columns_straight, column_ruins_open_small,
          column_ruins_open_tiny, column_ruins_grid_1,
          nicolae_inconvenience_store, pf_guarded_unrand_meek, uniq_edmund,
          uniq_grinder, uniq_crazy_yiuf_cottage, uniq_duvessa, uniq_menkaure,
          uniq_eustachio
Temple:   hellmonk_temple_flake

Skill      XL: |  1  2  3  4  5  6  7  8  9 |
---------------+----------------------------+-----
Axes           | 3 4 5 6 7 8 |  8.1
Fighting       | 4 5 6 |  6.9
Shields        | 5 6 7 8 |  8.4
Armour         | |  3.2

Action                   |  1- 3 |  4- 6 |  7- 9 || total
-------------------------+-------+-------+-------++-------
Melee: War axe           |   124 |   110 |   153 ||   387
Throw: Javelin           |       |     2 |       ||     2
       Dart              |       |       |     2 ||     2
 Abil: Dig               |     1 |     2 |       ||     3
Evoke: Wand              |       |       |     5 ||     5
  Use: Scroll            |     1 |     1 |       ||     2
       Potion            |       |       |     3 ||     3
Armor: Plate armour      |    94 |    67 |    75 ||   236
       Scale mail        |     3 |       |       ||     3
Dodge: Dodged            |    39 |    21 |    34 ||    94
Block: Buckler           |    20 |       |       ||    20
       Kite shield       |    39 |    58 |    93 ||   190

Table legend: (Time is in decaauts)
 A = Elapsed time spent in this place.
 B = Non-inter-level travel time spent in this place.
 C = Inter-level travel time spent in this place.
 D = Time resting spent in this place.
 E = Time spent auto-exploring this place.
 F = Levels seen in this place.
 G = Mean time per level.
                   A        B        C        D        E       F      G
               +--------+--------+--------+--------+--------+-----+--------+
         Total |   5499 |   5341 |    158 |     30 |   4273 |   7 |  785.6 |
       Dungeon |   5349 |   5200 |    149 |     30 |   4142 |   6 |  891.5 |
        Temple |    149 |    140 |      9 |      0 |    131 |   1 |  149.0 |
               +--------+--------+--------+--------+--------+-----+--------+

Top non-repeatable levels by time:
     D:4: 1350 daAuts
     D:1: 1085 daAuts
     D:5: 997 daAuts
     D:3: 813 daAuts
     D:2: 631 daAuts
     D:6: 471 daAuts
  Temple: 149 daAuts
